 Dungeon Crawl Stone Soup version 0.18-a0-183-gad09a0e (webtiles) character file.

5749 septik the Cleaver (level 10, -2/83 HPs)
             Began as a Demonspawn Fighter on Nov 23, 2015.
             Was an Initiate of Gozag.
             Slain by a seven-headed hydra (10 damage)
             ... on level 8 of the Dungeon.
             The game lasted 00:15:16 (7597 turns).

septik the Cleaver (Demonspawn Fighter)             Turns: 7597, Time: 00:15:16

Health: -2/83      AC: 10    Str: 20    XL:     10   Next: 49%
Magic:  10/10      EV:  5    Int:  9    God:    Gozag
Gold:   1124       SH:  9    Dex: 13    Spells: 0 memorised, 9 levels left

rFire  . . .     SeeInvis .     a - +1 war axe
rCold  . . .     Clarity  .     o - +0 chain mail
rNeg   . . .     SustAt   .     c - +0 shield
rPois  .         Gourm    .     (helmet restricted)
rElec  .         Spirit   .     i - +0 cloak
rCorr  .         Warding  .     (no gloves)
rMut   .         Stasis   .     (no boots)
MR     .....                    v - amulet of faith
Stlth  ..........               (no ring)
                                (no ring)

@: not resistant to hostile enchantments, extremely unstealthy
A: claws 2, hooves 1, horns 2, demonic guardian 1, powered by death 1
a: Potion Petition, Call Merchant, Bribe Branch, Renounce Religion


You were on level 8 of the Dungeon.
You worshipped Gozag.
Gozag was noncommittal.
You were very hungry.

You visited 1 branch of the dungeon, and saw 8 of its levels.

You collected 1919 gold pieces.
You paid 795 gold pieces to Gozag.

Inventory:

Hand Weapons
 a - a +1 war axe (weapon)
Missiles
 h - 255 stones (quivered)
Armour
 c - a +0 shield (worn)
 i - a +0 cloak (worn)
 o - a +0 chain mail (worn)
Magical Staves
 y - an uncursed staff of earth {unknown}
Jewellery
 q - an uncursed ring of sustain attributes {unknown}
 v - an amulet of faith (around neck)
 x - an uncursed amulet of rage {unknown}
Scrolls
 g - 7 scrolls of identify
 j - a scroll of enchant weapon
 n - 2 scrolls of enchant armour {unknown}
 r - 2 scrolls of blinking
 u - 5 scrolls of teleportation
 C - a scroll of brand weapon {unknown}
Potions
 d - a potion of might
 k - 4 potions of curing
 l - a potion of agility
 m - 2 potions of heal wounds {unknown}
 p - a potion of brilliance {unknown}
 t - 2 potions of degeneration {unknown}
 w - a potion of magic {unknown}
 z - a potion of berserk rage {unknown}
 A - a potion of invisibility {unknown}
 B - a potion of lignification {unknown}
 E - a potion of cancellation {unknown}
Books
 s - a book of Power

   Spells                             Type                      Level
   a - Fulminant Prism                Conjuration/Hexes            4
   b - Iskenderun's Mystic Blast      Conjuration                  4
   c - Venom Bolt                     Conjuration/Poison           5
   d - Bolt of Magma                  Conjuration/Fire/Earth       5
   e - Iron Shot                      Conjuration/Earth            6
   f - Orb of Destruction             Conjuration                  7
   g - Spellforged Servitor           Conjuration/Summoning        7
Comestibles
 b - 4 beef jerkies
 e - 6 bread rations
 f - 20 fruits
 D - 6 slices of pizza


   Skills:
 + Level 9.5 Fighting
 * Level 11.8 Axes
 - Level 2.6 Armour
 - Level 2.6 Shields


You had 9 spell levels left.
You didn't know any spells.

Dungeon Overview and Level Annotations

Branches:
Dungeon (8/15)             Temple (0/1) D:6            Lair (0/8) D:8

Altars:
Cheibriados
Gozag
Nemelex Xobeh
Trog
Xom
Yredelemnul

Shops:
D:7 (

Annotations:
D:2 exclusion: goblin
D:7 Prince Ribbit


Innate Abilities, Weirdness & Mutations

You have very sharp fingernails.
You have large cloven feet.
You have a pair of horns on your head.
A weak demonic guardian rushes to your aid.
You regenerate a little health from kills.


Message History

The seven-headed hydra bites you!
* * * LOW HITPOINT WARNING * * *
The seven-headed hydra bites you.
* * * LOW HITPOINT WARNING * * *
You block the seven-headed hydra's attack.
Something hits your white imp.
Your quasit bites the seven-headed hydra.
Your quasit claws the seven-headed hydra. x2
Your quasit bites the seven-headed hydra.
Your quasit claws the seven-headed hydra. x2
The seven-headed hydra bites you but does no damage.
The seven-headed hydra bites you.
* * * LOW HITPOINT WARNING * * *
The seven-headed hydra bites you!
* * * LOW HITPOINT WARNING * * *
The seven-headed hydra bites you.
* * * LOW HITPOINT WARNING * * *
The seven-headed hydra bites you!
You die...
Your body crumbles into a pile of gold.

......#(##P≈P5≈#....#
......#%.#≈≈≈≈P#....#############
......#.)+.P≈PP#K................
......##########.#...############
#......# #......5#...# ######
#......# #......5#...# #....#
#......# #.......#...# #....#
######## #####..D#...# #....#
......# ######.@#...# #....#
......####..^###....######....###
........#...##.#.................
......##....##.#....#####.......#
......#..._.##.##...# #.#####.#
............##.##...# #.# #.#
.###....#...##.##...# #.# #.. .#
#...)##..'.###...# #.# ##. .#
###...###### #...# #.# #.


You could see a seven-headed hydra, a big kobold, a friendly quasit and a
friendly white imp.

Vanquished Creatures
  A two-headed ogre (D:8)
  A slime creature (D:8)
  Sigmund (D:6)
  10 yaks (D:8)
  Menkaure (D:4)
  An ice beast (D:4)
  Duvessa (D:6)
  A water moccasin (D:7)
  2 sky beasts
  A black bear (D:8)
  5 ogres
  2 porcupines
  3 orc warriors
  A centaur (D:8)
  A crocodile (D:8)
  3 big kobolds
  A giant frog (D:7)
  A wyvern zombie (D:8)
  5 killer bees (D:8)
  2 crimson imps (D:6)
  A giant frog zombie (D:8)
  9 jellies
  An orc wizard (D:4)
  A centaur skeleton (D:7)
  5 iguanas
  3 hounds
  4 orc priests
  8 worker ants
  3 sheep (D:8)
  2 hound zombies
  A worker ant zombie (D:5)
  5 river rats (D:8)
  6 adders
  20 oozes
  An adder zombie (D:5)
  An adder skeleton (D:4)
  3 worms
  21 orcs
  6 ball pythons
  6 giant cockroaches
  11 goblins
  10 hobgoblins
  5 quokkas
  4 bats
  A giant cockroach zombie (D:5)
  2 giant geckos
  8 giant newts
  18 jackals
  14 kobolds
  3 quokka skeletons
  5 rats
232 creatures vanquished.

Vanquished Creatures (collateral kills)
  A yak (D:8)
  An ogre (D:6)
  Dowan (D:6)
  A scorpion (D:5)
  An orc wizard (D:8)
  A hound (D:6)
  A hound skeleton (D:8)
  An adder (D:4)
  An orc (D:4)
9 creatures vanquished.

Vanquished Creatures (others)
  A fungus (D:8)
1 creature vanquished.

Grand Total: 242 creatures vanquished

Notes
Turn   | Place    | Note
--------------------------------------------------------------
     0 | D:1      | septik the Demonspawn Fighter began the quest for the Orb.
     0 | D:1      | Reached XP level 1. HP: 18/18 MP: 1/1
   208 | D:1      | Gained mutation: You have large cloven feet. [demonic ancestry]
   208 | D:1      | Reached XP level 2. HP: 22/24 MP: 2/2
   832 | D:2      | Gained mutation: A weak demonic guardian rushes to your aid. [demonic ancestry]
   832 | D:2      | Reached XP level 3. HP: 29/29 MP: 3/3
  1061 | D:2      | Found a bloodstained altar of Trog.
  1092 | D:2      | Found a shimmering altar of Xom.
  1095 | D:2      | Found an opulent altar of Gozag.
  1098 | D:2      | Found a sparkling altar of Nemelex Xobeh.
  1115 | D:2      | Became a worshipper of Gozag Ym Sagoz the Greedy
  1625 | D:3      | Found a sparkling altar of Nemelex Xobeh.
  1658 | D:3      | Gained mutation: You have sharp fingernails. [demonic ancestry]
  1658 | D:3      | Reached XP level 4. HP: 37/37 MP: 4/4
  1887 | D:3      | Reached skill level 4 in Fighting
  2209 | D:4      | Noticed Menkaure
  2215 | D:4      | Noticed an ice beast
  2218 | D:4      | Killed Menkaure
  2218 | D:4      | Gained mutation: You have a pair of small horns on your head. [demonic ancestry]
  2218 | D:4      | Reached XP level 5. HP: 41/43 MP: 5/5
  2230 | D:4      | Killed an ice beast
  2230 | D:4      | Reached skill level 5 in Axes
  2230 | D:4      | Reached XP level 6. HP: 36/49 MP: 6/6
  2408 | D:4      | Reached skill level 5 in Fighting
  2687 | D:4      | Gained mutation: You regenerate a little health from kills. [demonic ancestry]
  2687 | D:4      | Reached XP level 7. HP: 56/56 MP: 7/7
  2713 | D:4      | Found a snail-covered altar of Cheibriados.
  2794 | D:4      | Reached skill level 6 in Axes
  3000 | D:5      | Entered Level 5 of the Dungeon
  3721 | D:5      | Reached skill level 7 in Axes
  3851 | D:5      | Reached XP level 8. HP: 64/64 MP: 8/8
  3998 | D:6      | Noticed Duvessa
  3998 | D:6      | Noticed Dowan
  4012 | D:6      | Killed Dowan
  4016 | D:6      | Killed Duvessa
  4353 | D:6      | Noticed Sigmund
  4365 | D:6      | Killed Sigmund
  4365 | D:6      | Reached skill level 8 in Axes
  4786 | D:6      | Found a staircase to the Ecumenical Temple.
  4951 | D:7      | Found a basalt altar of Yredelemnul.
  5183 | D:7      | Noticed Prince Ribbit
  5546 | D:7      | Reached skill level 9 in Axes
  5546 | D:7      | Gained mutation: You have a pair of horns on your head. [demonic ancestry]
  5546 | D:7      | Reached XP level 9. HP: 56/72 MP: 9/9
  6062 | D:8      | Found a staircase to the Lair.
  6475 | D:8      | Reached skill level 10 in Axes
  6509 | D:8      | Found a bloodstained altar of Trog.
  6805 | D:8      | Gained mutation: You have very sharp fingernails. [demonic ancestry]
  6805 | D:8      | Reached XP level 10. HP: 36/82 MP: 10/10
  6835 | D:8      | Reached skill level 11 in Axes
  7573 | D:8      | Noticed a three-headed hydra
  7597 | D:8      | Slain by a seven-headed hydra

Vault maps used:
D:1:      minmay_arrival_arboretum_small, minmay_misc_feat_chi
D:2:      grunt_temple_overflow_cloverleaf, minmay_goblin_outpost
D:3:      kennysheep_six_static_rooms, nemelex_lonely_heart_becter
D:4:      cheibriados_altar_1, first_bread, minmay_surrounded, uniq_menkaure
D:6:      temple_hall, uniq_duvessa, uniq_sigmund
D:7:      lemuel_round_altar, uniq_prince_ribbit1
D:8:      lemuel_slime, minmay_lair_entry_grove, hangedman_ranch,
          trog_butcher_becter

Action                   |  1- 3 |  4- 6 |  7- 9 | 10-12 || total
-------------------------+-------+-------+-------+-------++-------
Melee: War axe           |   159 |   113 |   364 |   138 ||   774
Invok: Call Merchant     |       |       |     1 |       ||     1
  Use: Scroll            |       |     8 |       |       ||     8
       Potion            |       |     1 |       |       ||     1
 Stab: Distracted        |       |       |     2 |     1 ||     3
  Eat: Chunk             |     2 |       |       |       ||     2
       Beef jerky        |       |     1 |       |       ||     1
       Fruit             |       |     1 |       |       ||     1
       Meat ration       |       |       |     3 |       ||     3
       Royal jelly       |       |       |     1 |       ||     1
